 Dungeon Crawl Stone Soup version 0.28.0-43-g3370ac3207 (webtiles) character file.

Game seed: 4588975328549888904

906 nickcage the Frost Mage (level 8, -4/52 HPs)
             Began as a Merfolk Ice Elementalist on Mar 14, 2022.
             Slain by a wyvern zombie (14 damage)
             ... on level 5 of the Dungeon.
             The game lasted 00:20:23 (4577 turns).

nickcage the Frost Mage (Merfolk Ice Elementalist)  Turns: 4577, Time: 00:20:23

Health: -4/52      AC:  2    Str:  8    XL:     8   Next: 8%
Magic:  14/14      EV: 12    Int: 17    God:
Gold:   83         SH:  0    Dex: 14    Spells: 5/16 levels left

rFire   . . .      SeeInvis .   p - +1 short sword (flame)
rCold   . . .      Faith    .   n - orb {mayhem}
rNeg    . . .      Spirit   .   a - +0 robe
rPois   .          Reflect  .   (no helmet)
rElec   .          Harm     .   (no cloak)
rCorr   .          Rampage  .   (no gloves)
Will    .....                   (no boots)
Stlth   ++........              i - amulet of regeneration
HPRegen 0.97/turn               (no ring)
MPRegen 0.14/turn               (no ring)

@: hasted, very quick
A: (nimble swimmer 2), mertail
a: no special abilities


You were on level 5 of the Dungeon.
You visited 1 branch of the dungeon, and saw 5 of its levels.
You also visited: Sewer.

You collected 83 gold pieces.

Inventory:

Hand Weapons
 c - a +0 club
 g - a +0 short sword
 l - a +0 morningstar
 p - a +1 short sword of flaming (weapon)
Missiles
 q - 17 poisoned darts (quivered)
Armour
 a - a +0 robe (worn)
 n - an orb of mayhem (worn)
Magical Staves
 f - a staff of death
Jewellery
 i - an amulet of regeneration (around neck)
Wands
 u - a wand of iceblast (8)
Scrolls
 d - 5 scrolls of teleportation
 k - a scroll of holy word {unknown}
 m - 2 scrolls of identify {unknown}
 o - a scroll of enchant weapon {unknown}
 r - a scroll of enchant armour {unknown}
 t - a scroll of noise {unknown}
 v - a scroll of torment {unknown}
Potions
 b - a potion of haste
 e - 2 potions of heal wounds {unknown}
 h - 2 potions of resistance {unknown}
 j - a potion of curing {unknown}
 s - a potion of mutation {unknown}


   Skills:
 - Level 0.4 Short Blades
 + Level 0.1 Throwing
 - Level 2.6 Dodging
 - Level 2.1 Stealth
 + Level 4.6 Spellcasting
 + Level 9.4 Ice Magic


You had 5 spell levels left.
You knew the following spells:

 Your Spells              Type           Power      Damage    Failure   Level
a - Freeze                Ice            100%       1d11      1%          1
b - Frozen Ramparts       Ice            72%        1d9       1%          3
c - Ozocubu's Armour      Ice            36%        N/A       1%          3
d - Hailstorm             Conj/Ice       20%        3d6       22%         4

Your spell library contained the following spells:

 Spells                   Type           Power      Damage    Failure   Level
 Apportation              Tloc           6%         N/A       16%         1
 Alistair's Intoxication  Tmut/Pois      2%         N/A       99%         5


Dungeon Overview and Level Annotations

Branches:
Dungeon (5/15)              Sewer (visited)
 Temple: D:4-7

Altars:
Elyvilon

Shops:
D:4 *   D:5 (


Innate Abilities, Weirdness & Mutations

((You are very nimble when in or above water. (Stealth+, EV+, Speed+++)))
Your lower body shifts to a powerful aquatic tail in water.


Message History

The wyvern zombie misses you.
You hit the wyvern zombie. You burn the wyvern zombie.
The wyvern zombie is heavily damaged.
The wyvern zombie bites you!
* * * LOW HITPOINT WARNING * * *
The wyvern zombie bites you!
* * * LOW HITPOINT WARNING * * *
You are too injured to fight recklessly!
The wyvern zombie bites you.
* * * LOW HITPOINT WARNING * * *
The wyvern zombie bites you but does no damage.
You see here a worm corpse.
The wyvern zombie closely misses you. The wyvern zombie bites you.
* * * LOW HITPOINT WARNING * * *
It was a potion of haste.
You feel yourself speed up. The wyvern zombie closely misses you.
You barely miss the wyvern zombie.
The wyvern zombie is heavily damaged.
The wyvern zombie misses you.
You hit the wyvern zombie. You burn the wyvern zombie.
The wyvern zombie is heavily damaged.
The wyvern zombie barely misses you.
You hit the wyvern zombie. You burn the wyvern zombie.
The wyvern zombie is severely damaged.
The wyvern zombie bites you.
* * * LOW HITPOINT WARNING * * *
You hit the wyvern zombie but do no damage.
The wyvern zombie is severely damaged.
The wyvern zombie misses you.
You hit the wyvern zombie but do no damage.
The wyvern zombie is severely damaged.
The wyvern zombie bites you.
* * * LOW HITPOINT WARNING * * *
You barely miss the wyvern zombie.
The wyvern zombie is severely damaged.
You barely miss the wyvern zombie.
The wyvern zombie is severely damaged.
The wyvern zombie bites you!
You die...

#.##...#.##
#†#.......#
#.##...#..###
#............
##.##.#.#####
#.##...# #.###..#
#Z# #..# #@###..#
#......# ##+#
#####.## ##...
#####.##### ##<...
#.........###.....
#.###...#.##......
...........+......
#.###...#.##.>....
#.####†##.###.....


You could see a wyvern zombie.

Vanquished Creatures
  A sky beast (D:5)
  A black bear (D:3)
  5 kobold brigands (Sewer)
  A hound (D:4)
  A bullfrog skeleton (D:4)
  An orc wizard (D:5)
  An iguana (D:4)
  A killer bee zombie (D:4)
  A hound skeleton (D:4)
  A gnoll (D:1)
  A howler monkey skeleton (D:4)
  4 adders
  4 river rats
  An ufetubus (D:4)
  An adder skeleton (D:4)
  4 worms
  A dart slug (D:3)
  11 orcs
  5 ball pythons
  10 endoplasms
  6 giant cockroaches
  3 goblins
  5 hobgoblins
  3 jackals (D:3)
  A quokka (D:1)
  6 bats
  3 frilled lizards
  10 kobolds
  14 rats
107 creatures vanquished.

Vanquished Creatures (collateral kills)
  An adder (D:4)
  4 orcs
  A giant cockroach (D:4)
  A goblin (D:4)
7 creatures vanquished.

Vanquished Creatures (others)
  An orc priest (D:4)
1 creature vanquished.

Grand Total: 115 creatures vanquished

Notes
Turn   | Place    | Note
-------+----------+-------------------------------------------
     0 | D:1      | nickcage the Merfolk Ice Elementalist began the quest for
                  | the Orb.
     0 | D:1      | Reached XP level 1. HP: 13/13 MP: 3/3
   347 | D:1      | Reached XP level 2. HP: 8/19 MP: 0/5
   733 | D:1      | Reached skill level 5 in Ice Magic
  1101 | D:1      | Reached XP level 3. HP: 8/24 MP: 1/6
  1346 | D:1      | Learned a level 3 spell: Frozen Ramparts
  1861 | D:2      | You fall into a shaft and drop 1 floor!
  1968 | D:3      | Noticed a black bear
  2094 | D:3      | Reached skill level 6 in Ice Magic
  2094 | D:3      | Reached XP level 4. HP: 28/30 MP: 4/7
  2098 | D:3      | Learned a level 3 spell: Ozocubu's Armour
  2181 | D:3      | Found a white marble altar of Elyvilon.
  2564 | D:3      | Killed a black bear
  2565 | D:3      | Reached skill level 7 in Ice Magic
  2565 | D:3      | Reached XP level 5. HP: 35/35 MP: 0/8
  2714 | D:3      | Found a faded altar of an unknown god.
  2807 | D:4      | Identified the +3 leather armour of Broken Taboos {Str+3}
  2930 | D:4      | Reached XP level 6. HP: 41/41 MP: 5/9
  3137 | D:4      | Found Xueceane's Gadget Gallery.
  3186 | D:4      | Found a glowing drain.
  3243 | Sewer    | Entered a sewer
  3372 | Sewer    | Reached skill level 8 in Ice Magic
  3446 | Sewer    | Reached XP level 7. HP: 46/46 MP: 5/11
  3451 | Sewer    | Learned a level 4 spell: Hailstorm
  4062 | Sewer    | Reached skill level 9 in Ice Magic
  4356 | D:5      | Entered Level 5 of the Dungeon
  4469 | D:5      | Reached XP level 8. HP: 40/52 MP: 10/14
  4544 | D:5      | Found Mazi's Weapon Shoppe.
  4577 | D:5      | Slain by a wyvern zombie

Illustrated notes

Levels and vault maps discovered:
D:1:      lemuel_arrival_muddy, layout_rooms, corexii_corridor_pit
D:2:      layout_basic
D:3:      layout_rooms, elyvilon_altar_1,
          shapermc_ecumenical_altar_mp_ritualfount,
          chequers_serial_rivers_room_b
D:4:      layout_rooms, portal_sewer_entry_a, nicolae_shop_gadgets
D:5:      layout_loops_corners, mainiacjoe_overflow_alcove_4, serial_shops,
          nicolae_shop_bloodbath_and_beyond, kennysheep_generic_room_8

Skill      XL: |  1  2  3  4  5  6  7 |
---------------+----------------------+-----
Ice Magic      | 5 6 7 8 9 |  9.4
Spellcasting   | 3 4 |  4.6
Short Blades   | |  0.4
Throwing       | |  0.1
Dodging        | |  2.6
Stealth        | |  2.1

Action                   |  1- 3 |  4- 6 |  7- 9 || total
-------------------------+-------+-------+-------++-------
Melee: Club              |    27 |       |       ||    27
       Unarmed           |     1 |       |       ||     1
       Short sword       |    27 |    27 |   114 ||   168
       Morningstar       |     2 |    85 |       ||    87
       Tailslap          |       |       |     9 ||     9
Throw: Dart              |       |       |     6 ||     6
 Cast: Freeze            |    34 |     7 |     5 ||    46
       Frozen Ramparts   |     3 |    10 |    10 ||    23
       Ozocubu's Armour  |       |     3 |     1 ||     4
  Use: Scroll            |       |     2 |       ||     2
       Potion            |       |       |     1 ||     1
 Stab: Sleeping          |     6 |     6 |     8 ||    20
Armor: Robe              |    12 |    38 |    14 ||    64
Dodge: Dodged            |    53 |    98 |    58 ||   209
